 Dungeon Crawl Stone Soup version 0.17.1-2-g5865329 (webtiles) character file.

12489 DeXoteric the Carver (level 11, -6/63 HPs)
             Began as a Vine Stalker Berserker on Jan 10, 2016.
             Was an Elder of Trog.
             Asphyxiated
             ... on level 2 of the Lair of Beasts.
             The game lasted 00:28:46 (10487 turns).

DeXoteric the Carver (Vine Stalker Berserker)      Turns: 10487, Time: 00:28:46

Health: -6/63      AC: 16    Str: 23    XL:     11   Next: 94%
Magic:  0/12       EV:  9    Int:  7    God:    Trog [****..]
Gold:   642        SH:  0    Dex: 20    Spells: 0 memorised, 10 levels left

rFire  . . .     SeeInvis .     j - +3 triple sword (flame)
rCold  . . .     Clarity  .     O - +0 plate armour
rNeg   . . .     SustAt   .     (shield currently unavailable)
rPois  .         Gourm    .     F - +0 helmet
rElec  .         Spirit   +     B - +0 cloak
rCorr  .         Warding  .     (no gloves)
rMut   .         Stasis   .     q - +1 pair of boots
MR     +++..                    (no amulet)
Stlth  ..........               (no ring)
                                G - +6 ring of dexterity

@: lethally poisoned (-6 -> -7), very slightly contaminated, regenerating,
slowed, very slow, extremely resistant to hostile enchantments, extremely
unstealthy
A: fangs 3, regeneration 2, magic shield, antimagic bite, no device heal 3, rot
immunity
a: Berserk, Trog's Hand, Brothers in Arms, Burn Spellbooks, Renounce Religion


You were on level 2 of the Lair of Beasts.
You worshipped Trog.
Trog was greatly pleased with you.
You were hungry.

You visited 2 branches of the dungeon, and saw 12 of its levels.
You also visited: Sewer and Volcano.

You collected 856 gold pieces.
You spent 214 gold pieces at shops.

Inventory:

Hand Weapons
 a - a +4 long sword
 b - a +0 blowgun
 j - a +3 triple sword of flaming (weapon)
 m - a +0 short sword of electrocution
Missiles
 M - 16 poisoned needles
Armour
 e - a +0 buckler
 q - a +1 pair of boots (worn)
 B - a +0 cloak (worn)
 F - a +0 helmet (worn)
 O - a +0 plate armour (worn)
 Q - a +0 shield
Jewellery
 G - a +6 ring of dexterity (left hand)
Wands
 J - a wand of disintegration (9)
Scrolls
 f - 2 scrolls of enchant weapon
 h - 6 scrolls of teleportation
 k - a scroll of torment {unknown}
 l - 7 scrolls of blinking
 n - a scroll of fear {unknown}
 o - a scroll of immolation {unknown}
 t - a scroll of fog {unknown}
 u - a scroll of random uselessness
 v - a scroll of acquirement {unknown}
 w - a scroll of amnesia {unknown}
 x - 3 scrolls of enchant armour
 y - 4 scrolls of remove curse
 C - a scroll of noise {unknown}
 D - 2 scrolls of magic mapping
 L - a scroll of holy word {unknown}
Potions
 d - 2 potions of magic
 g - 2 potions of curing
 p - 2 potions of agility
 r - 2 potions of berserk rage {unknown}
 s - 6 potions of brilliance
 z - a potion of ambrosia {unknown}
 E - a potion of invisibility {unknown}
 H - a potion of mutation {unknown}
 I - a potion of poison {unknown}
 K - 2 potions of cancellation {unknown}
 N - a potion of flight {unknown}
Miscellaneous
 P - a phantom mirror
Comestibles
 c - 6 bread rations
 i - 3 meat rations


   Skills:
 + Level 9.8 Fighting
 + Level 12.5 Long Blades
 + Level 4.0 Armour
 + Level 4.0 Dodging
 - Level 4.1 Shields


You had 10 spell levels left.
You didn't know any spells.

Dungeon Overview and Level Annotations

Branches:
Dungeon (10/15)            Temple (0/1) D:7            Lair (2/8) D:8
    Orc: D:9-12

Altars:
Ashenzari
Dithmenos
Elyvilon
Fedhas
Nemelex Xobeh
Okawaru
Zin
The Shining One

Shops:
D:5 ?

Annotations:
Lair:2 Sonja


Innate Abilities, Weirdness & Mutations

You have razor-sharp teeth.
You heal very quickly.
When hurt, damage is shared between your health and your magic reserves.
Your bite disrupts and absorbs the magic of your enemies.
Potions and wands cannot restore your health.
You are immune to rotting.


Message History

You are very lightly contaminated with residual magic.
As you read the scroll of blinking, it crumbles to dust.
You feel very sick.
You feel very sick.
Found a leather armour.
You take 2 damage, and have 13/63 hp.
You feel very sick.
Sonja says, "I'm academy-trained, you know."
Sonja shoots a curare-tipped needle.
The curare-tipped needle hits you.
You are more poisoned.
You have difficulty breathing.
* * * LOW HITPOINT WARNING * * *
You feel as though you will be slow longer.
You see here a curare-tipped needle.
You take 11 damage, and have 2/63 hp.
You now have 1/12 mp.
Drink which item? (? for menu, Esc to quit)
You feel better.
Sonja shoots a curare-tipped needle.
The curare-tipped needle hits you.
You are poisoned.
You have difficulty breathing.
You die...

,.......##....###*.......,,,,*,**
...............##.......,,,,,*,,*
........................,,,,,,,,*
P.......................,,,,,,,,,
........................,,,,,,,,,
........................,,,,,,,,,
,.......................,,,,,,,,,
,,###...................,,,,,,,,,
,##§##..........f.<.....,,,,,,,,,
##§§§##.................,,,,,,,,,
#.≈§§...................,,,,,,,,,
.§≈≈≈≈..#K.........#....,,,,,,,*,
#≈≈≈≈§(..#..P.#.#.....[.,,,,,,*,,
##§≈≈##§.#..######......,,,,,,*,,
,##≈##(.##...#* *#.....,,,,,,,,,
,,###.....#...#* *....,,,,,,,,,,
,,*#...K..#,...* **,,,,,,,,,,***


You could see Sonja.

Vanquished Creatures
  Maud (D:10)
  Fannar (D:10)
  A hydra (Lair:1)
  The ghost of Caphalor the Spear-Bearer, a novice MfBe of Trog (D:10)
  An unseen horror (D:10)
  2 toenail golems (Volcano)
  A black mamba (Lair:1)
  3 komodo dragons (Lair:1)
  Prince Ribbit (D:5)
  A two-headed ogre (D:9)
  A wyvern (D:10)
  2 fire elementals (Volcano)
  Eustachio (D:5)
  7 yaks
  2 basilisks (Lair:1)
  A hungry ghost (D:10)
  Menkaure (D:7)
  A hippogriff (Lair:1)
  5 wolves (Lair:1)
  4 porcupines
  An orc warrior (D:10)
  A phantom (D:4)
  A black bear (D:9)
  4 ogres
  3 crocodiles
  3 giant frogs
  5 centaurs
  A big kobold (D:10)
  4 scorpions
  5 killer bees (D:10)
  8 wights
  A quasit (D:10)
  2 crimson imps
  2 giant frog zombies (D:8)
  Ijyb (D:2)
  A hound (D:8)
  A giant frog skeleton (D:8)
  2 orc wizards (D:10)
  7 iguanas
  6 worker ants
  A killer bee zombie (D:8)
  A hound zombie (D:9)
  2 hound skeletons
  5 gnolls
  9 adders
  15 river rats
  2 oozes (D:3)
  An adder zombie (D:8)
  3 worms
  An adder skeleton (D:4)
  16 orcs
  7 bats
  5 giant cockroaches
  21 goblins
  3 hobgoblins
  13 jackals
  6 quokkas
  5 ball pythons
  6 giant geckos
  4 giant newts
  16 kobolds
  A quokka skeleton (D:8)
  10 rats
  A fire vortex (Volcano)
  3 fungi (D:8)
254 creatures vanquished.

Vanquished Creatures (collateral kills)
  A fire elemental (Volcano)
1 creature vanquished.

Vanquished Creatures (others)
  3 fire vortices (Volcano)
3 creatures vanquished.

Grand Total: 258 creatures vanquished

Notes
Turn   | Place    | Note
--------------------------------------------------------------
     0 | D:1      | DeXoteric the Vine Stalker Berserker began the quest for the Orb.
     0 | D:1      | Reached XP level 1. HP: 11/11 MP: 2/2
   303 | D:1      | Reached XP level 2. HP: 16/16 MP: 3/3
   478 | D:1      | Reached skill level 3 in Long Blades
   478 | D:1      | Reached skill level 1 in Shields
   548 | D:1      | Reached XP level 3. HP: 17/19 MP: 4/4
   997 | D:2      | Reached ** piety under Trog
  1240 | D:2      | Reached XP level 4. HP: 19/24 MP: 1/5
  1394 | D:2      | Noticed Ijyb
  1403 | D:2      | Killed Ijyb
  1713 | D:2      | Found a white marble altar of Elyvilon.
  1716 | D:2      | Reached skill level 4 in Long Blades
  1716 | D:2      | Reached XP level 5. HP: 25/28 MP: 4/6
  1839 | D:3      | Reached *** piety under Trog
  1840 | D:3      | Found an iron altar of Okawaru.
  1879 | D:3      | Found a glowing drain.
  1898 | Sewer    | Entered a sewer
  1969 | Sewer    | Noticed a crocodile
  1977 | Sewer    | Killed a crocodile
  1977 | Sewer    | Gained mutation: You heal very quickly. [Vine Stalker growth]
  1977 | Sewer    | Reached XP level 6. HP: 33/33 MP: 7/7
  2220 | D:3      | Found a shadowy altar of Dithmenos.
  2344 | D:3      | Reached **** piety under Trog
  2614 | D:4      | Found a sparkling altar of Nemelex Xobeh.
  2621 | D:4      | Reached skill level 5 in Long Blades
  2756 | D:4      | Found a blossoming altar of Fedhas.
  3074 | D:4      | Reached XP level 7. HP: 22/38 MP: 8/8
  3147 | D:5      | Entered Level 5 of the Dungeon
  3203 | D:5      | Noticed Prince Ribbit
  3209 | D:5      | Killed Prince Ribbit
  3209 | D:5      | Reached skill level 6 in Long Blades
  3447 | D:5      | Gained mutation: You have razor-sharp teeth. [Vine Stalker growth]
  3447 | D:5      | Reached XP level 8. HP: 40/42 MP: 9/9
  3538 | D:5      | Noticed Eustachio
  3548 | D:5      | Killed Eustachio
  3548 | D:5      | Reached skill level 5 in Fighting
  3687 | D:5      | Found Godi's Magic Scroll Boutique.
  3690 | D:5      | Bought a scroll of blinking for 97 gold pieces
  3690 | D:5      | Bought a scroll of remove curse for 39 gold pieces
  3690 | D:5      | Bought a scroll of teleportation for 39 gold pieces
  3690 | D:5      | Bought a scroll of remove curse for 39 gold pieces
  3860 | D:5      | Reached skill level 7 in Long Blades
  4146 | D:6      | You fall through a shaft!
  4526 | D:7      | Found a staircase to the Ecumenical Temple.
  4747 | D:7      | Noticed Menkaure
  4753 | D:7      | Killed Menkaure
  4753 | D:7      | Reached skill level 8 in Long Blades
  4753 | D:7      | Reached XP level 9. HP: 48/48 MP: 10/10
  4938 | D:8      | Found a glowing silver altar of Zin.
  5135 | D:8      | Found a staircase to the Lair.
  5237 | D:8      | Found a shattered altar of Ashenzari.
  5493 | D:8      | Found a glowing golden altar of the Shining One.
  6166 | D:9      | Reached skill level 9 in Long Blades
  6320 | D:9      | Reached ***** piety under Trog
  6522 | D:10     | Entered Level 10 of the Dungeon
  6562 | D:10     | Noticed Maud
  6575 | D:10     | Killed Maud
  6575 | D:10     | Reached skill level 10 in Long Blades
  6575 | D:10     | Reached XP level 10. HP: 29/56 MP: 5/11
  6716 | D:10     | Found a shattered altar of Ashenzari.
  6841 | D:10     | Noticed Caphalor's ghost (novice MfBe)
  6974 | D:10     | Killed Caphalor's ghost
  6974 | D:10     | Reached skill level 11 in Long Blades
  7428 | D:10     | Noticed Fannar
  7456 | D:10     | Killed Fannar
  7456 | D:10     | Reached XP level 11. HP: 60/60 MP: 12/12
  7748 | D:10     | Reached skill level 12 in Long Blades
  7865 | Lair:1   | Entered Level 1 of the Lair of Beasts
  7933 | Lair:1   | Noticed a six-headed hydra
  8111 | D:10     | Killed an unseen horror
  8205 | Lair:1   | Killed a six-headed hydra
  9352 | Lair:2   | Found a dark tunnel.
  9357 | Volcano  | Entered a volcano
  9631 | Volcano  | Noticed a lindwurm
 10478 | Lair:2   | Noticed Sonja
 10486 | Lair:2   | HP: 2/63 [asphyx]
 10487 | Lair:2   | Asphyxiated

Action                   |  1- 3 |  4- 6 |  7- 9 | 10-12 || total
-------------------------+-------+-------+-------+-------++-------
Melee: Falchion          |    71 |       |       |       ||    71
       Long sword        |    20 |   176 |   220 |   291 ||   707
       Short sword       |       |       |       |    32 ||    32
Invok: Berserk           |     1 |     3 |     6 |    10 ||    20
       Burn Spellbooks   |       |     1 |     1 |       ||     2
       Trog's Hand       |       |       |     1 |     4 ||     5
       Brothers in Arms  |       |       |     1 |     1 ||     2
  Use: Scroll            |       |       |     5 |     7 ||    12
       Potion            |       |       |       |     2 ||     2
 Stab: Sleeping          |     1 |       |       |       ||     1
  Eat: Chunk             |     2 |     9 |    17 |     9 ||    37
       Bread ration      |       |       |       |     4 ||     4
       Beef jerky        |       |       |       |     1 ||     1
